 Dungeon Crawl Stone Soup version 0.17.1-2-g5865329 (webtiles) character file.

3731 Moresty the Grappler (level 9, -1/89 HPs)
             Began as a Troll Monk on Jan 10, 2016.
             Was a High Priest of Makhleb.
             Slain by an orc warrior
             ... wielding a +0 hand axe
              (12 damage)
             ... on level 9 of the Dungeon.
             The game lasted 00:25:00 (6278 turns).

Moresty the Grappler (Troll Monk)                   Turns: 6278, Time: 00:25:00

Health: -1/89      AC:  8    Str: 24    XL:     9   Next: 92%
Magic:  8/8        EV: 13    Int:  6    God:    Makhleb [*****.]
Gold:   434        SH:  0    Dex: 12    Spells: 0 memorised, 8 levels left

rFire  . . .     SeeInvis .       - Unarmed
rCold  . . .     Clarity  .     L - +0 robe (curse)
rNeg   . . .     SustAt   .     (no shield)
rPois  .         Gourm    +     (helmet restricted)
rElec  .         Spirit   .     F - +2 cloak
rCorr  .         Warding  .     (gloves unavailable)
rMut   .         Stasis   .     (boots unavailable)
MR     .....                    B - amulet of faith
Stlth  ++........               (no ring)
                                i - ring of wizardry

@: not resistant to hostile enchantments, unstealthy
A: unfitting armour, claws 3, fast metabolism 3, gourmand, regeneration 2,
shaggy fur 1, tough skin 2
a: Minor Destruction, Lesser Servant of Makhleb, Major Destruction, Greater
Servant of Makhleb, Renounce Religion


You were on level 9 of the Dungeon.
You worshipped Makhleb.
Makhleb was extremely pleased with you.
You were completely stuffed.

You visited 1 branch of the dungeon, and saw 9 of its levels.

You collected 434 gold pieces.

Inventory:

Armour
 a - a +1 robe
 h - a cursed +0 ring mail
 k - a +0 pair of gloves
 s - a +0 cloak
 t - a +0 robe
 F - a +2 cloak (worn)
 L - a cursed +0 robe (worn)
Jewellery
 i - a ring of wizardry (left claw)
 v - an uncursed amulet of the gourmand
 B - an amulet of faith (around neck)
Wands
 w - a wand of teleportation (0)
 y - a wand of cold (10)
 z - a wand of frost (21)
 C - a wand of lightning (4)
Scrolls
 c - 2 scrolls of remove curse
 e - 2 scrolls of enchant weapon
 l - a scroll of fear
 m - 6 scrolls of teleportation
 q - 6 scrolls of identify
 r - a scroll of enchant armour
 D - a scroll of torment {unknown}
 G - a scroll of random uselessness
 H - a scroll of magic mapping {unknown}
 J - a scroll of blinking {unknown}
 M - a scroll of fog {unknown}
Potions
 f - a potion of haste {unknown}
 g - 2 potions of magic {unknown}
 j - 2 potions of poison {unknown}
 n - 3 potions of might
 o - a potion of curing
 p - a potion of lignification {unknown}
 x - a potion of cure mutation {unknown}
 E - a potion of flight
 K - a potion of invisibility {unknown}
 N - a potion of degeneration {unknown}
Books
 u - a book of Alchemy

   Spells                             Type                      Level
   a - Sublimation of Blood           Necromancy                   2
   b - Ignite Poison                  Fire/Transmutation/Poison    3
   c - Alistair's Intoxication        Transmutation/Poison         4
   d - Condensation Shield            Ice                          4
   e - Petrify                        Transmutation/Earth          4
   f - Irradiate                      Conjuration/Transmutation    5
Comestibles
 b - 9 bread rations
 d - 28 fruits
 A - 2 slices of pizza
 I - 17 chunks of flesh


   Skills:
 + Level 5.9 Fighting
 + Level 7.5 Dodging
 + Level 3.5 Stealth
 + Level 9.1 Unarmed Combat


You had 8 spell levels left.
You didn't know any spells.

Dungeon Overview and Level Annotations

Branches:
Dungeon (9/15)             Temple (0/1) D:5
   Lair: D:8-11         Orc: D:9-12

Altars:
Ashenzari
Cheibriados
Elyvilon
Fedhas
Gozag
Makhleb
Okawaru
Sif Muna
Xom
The Shining One

Shops:
D:4 (   D:7 :   D:8 :


Innate Abilities, Weirdness & Mutations

You are too large for most types of armour.
You have claws for hands.
Your metabolism is lightning-fast.
You like to eat raw meat.
You heal very quickly.
You are covered in fur (AC +1).
You have very tough skin (AC +2).


Message History

The orc wizard hits you with a dagger.
You scratch the orc warrior.
The orc warrior is heavily wounded.
The orc wizard gestures at you while chanting.
You easily resist.
The orc warrior hits you with a hand axe.
An adder comes into view.
You scratch the orc warrior but do no damage.
The orc warrior is heavily wounded.
The orc wizard hits you but does no damage.
The orc warrior hits you with a hand axe!!
* * * LOW HITPOINT WARNING * * *
The orc wizard closely misses you.
You are too injured to fight recklessly!
You are too injured to fight recklessly!
You are too injured to fight recklessly!
You barely miss the orc wizard. The orc wizard hits you with a dagger.
* * * LOW HITPOINT WARNING * * *
The orc warrior hits you with a hand axe!
You die...

#########
.......
......
#S..#
#.oo#
#..@#
#...#
#...#
#...#
#...# #.#
#...# #.#
#...# #.#
#...# #.#
#...# #.#


You could see an orc warrior, an orc wizard and an adder.

Vanquished Creatures
  2 trolls
  Grinder (D:4)
  Prince Ribbit (D:7)
  A yak (D:9)
  A hungry ghost (D:7)
  Duvessa (D:7)
  2 sky beasts (D:8)
  An orc warrior (D:6)
  5 ogres
  A black bear (D:8)
  A necrophage (D:7)
  A phantom (D:4)
  2 crocodiles (D:9)
  4 centaurs
  A big kobold (D:7)
  2 giant frogs
  Dowan (D:7)
  A scorpion (D:7)
  A crimson imp (D:6)
  A centaur zombie (D:5)
  2 orc priests (D:8)
  A giant frog zombie (D:8)
  Crazy Yiuf (D:7)
  A centaur skeleton (D:7)
  A gnoll shaman (D:8)
  3 iguanas
  4 orc wizards
  4 hounds
  4 worker ants
  3 gnolls (D:8)
  6 adders
  A shadow imp (D:5)
  An ooze (D:7)
  A worm (D:3)
  6 giant geckos
  29 orcs
  3 ball pythons
  8 bats
  5 goblins
  4 hobgoblins
  7 jackals
  3 quokkas
  4 giant cockroaches
  5 giant newts
  9 kobolds
  A quokka skeleton (D:6)
  2 rats
150 creatures vanquished.

Notes
Turn   | Place    | Note
--------------------------------------------------------------
     0 | D:1      | Moresty the Troll Monk began the quest for the Orb.
     0 | D:1      | Reached XP level 1. HP: 22/22 MP: 0/0
   218 | D:1      | Reached XP level 2. HP: 27/29 MP: 1/1
   680 | D:2      | Reached XP level 3. HP: 36/36 MP: 2/2
  1154 | D:3      | Found a burning altar of Makhleb.
  1179 | D:3      | Found an opulent altar of Gozag.
  1187 | D:3      | Became a worshipper of Makhleb the Destroyer
  1187 | D:3      | Reached * piety under Makhleb
  1187 | D:3      | Reached ** piety under Makhleb
  1464 | D:3      | Found a white marble altar of Elyvilon.
  1464 | D:3      | Found a glowing golden altar of the Shining One.
  1465 | D:3      | Found an opulent altar of Gozag.
  1614 | D:3      | Reached XP level 4. HP: 44/44 MP: 3/3
  1718 | D:4      | Noticed Grinder
  1800 | D:4      | Found Kixkoudue's Antique Weapon Boutique.
  1815 | D:4      | Noticed a phantom
  1834 | D:4      | Killed a phantom
  1834 | D:4      | Reached XP level 5. HP: 51/53 MP: 4/4
  1897 | D:4      | Noticed an ogre
  1907 | D:4      | Killed an ogre
  1907 | D:4      | Reached skill level 5 in Unarmed Combat
  1907 | D:4      | Reached XP level 6. HP: 41/61 MP: 5/5
  2108 | D:4      | Paralysed by Grinder for 6 turns
  2120 | D:4      | Killed Grinder
  2290 | D:5      | Entered Level 5 of the Dungeon
  2342 | D:5      | Found a deep blue altar of Sif Muna.
  2361 | D:5      | Reached XP level 7. HP: 50/68 MP: 6/6
  2449 | D:5      | Found a snail-covered altar of Cheibriados.
  2534 | D:5      | Found a staircase to the Ecumenical Temple.
  2800 | D:5      | Found a blossoming altar of Fedhas.
  2981 | D:6      | Reached skill level 6 in Unarmed Combat
  3071 | D:6      | Reached *** piety under Makhleb
  3809 | D:7      | Found Jegruhy's Book Boutique.
  3874 | D:7      | Noticed Prince Ribbit
  3886 | D:7      | Killed Prince Ribbit
  3886 | D:7      | Reached skill level 5 in Dodging
  3886 | D:7      | Reached XP level 8. HP: 65/79 MP: 7/7
  3976 | D:7      | Reached skill level 7 in Unarmed Combat
  4108 | D:7      | Reached **** piety under Makhleb
  4139 | D:7      | Noticed Duvessa
  4141 | D:7      | Noticed Dowan
  4147 | D:7      | Killed Dowan
  4160 | D:7      | Killed Duvessa
  4359 | D:7      | Reached skill level 5 in Fighting
  4594 | D:7      | Noticed Crazy Yiuf
  4599 | D:7      | Killed Crazy Yiuf
  4883 | D:8      | Reached XP level 9. HP: 86/88 MP: 8/8
  5074 | D:8      | Reached skill level 8 in Unarmed Combat
  5143 | D:8      | Found Koucumy's Book Shoppe.
  5412 | D:8      | Found a shimmering altar of Xom.
  5461 | D:8      | Reached ***** piety under Makhleb
  5960 | D:9      | Found a blossoming altar of Fedhas.
  6083 | D:9      | HP: 3/89 [troll (3)]
  6083 | D:9      | HP: 1/89 [troll (2)]
  6209 | D:9      | Found a shattered altar of Ashenzari.
  6216 | D:9      | Found an iron altar of Okawaru.
  6234 | D:9      | Reached skill level 9 in Unarmed Combat
  6278 | D:9      | Slain by an orc warrior

Action                   |  1- 3 |  4- 6 |  7- 9 || total
-------------------------+-------+-------+-------++-------
Melee: Unarmed           |   105 |    59 |   360 ||   524
  Use: Potion            |       |       |     9 ||     9
       Scroll            |       |       |     7 ||     7
 Stab: Sleeping          |     1 |     1 |     8 ||    10
  Eat: Chunk             |     6 |     6 |    57 ||    69
       Meat ration       |     1 |       |       ||     1
